 Dungeon Crawl Stone Soup version 0.26-a0-37-g50178cf (webtiles) character file.

Game seed: 7316802649122112426, levelgen mode: deterministic

11671 Faca the Basher (level 11, -5/105 HPs)
             Began as a Green Draconian Berserker on May 30, 2020.
             Was a High Priest of Trog.
             Slain by a freezing wraith (18 damage)
             ... on level 10 of the Dungeon.
             The game lasted 00:23:06 (15062 turns).

Faca the Basher (Green Draconian Berserker)        Turns: 15062, Time: 00:23:06

Health: -5/105     AC: 10    Str: 23    XL:     11   Next: 52%
Magic:  11/11      EV: 16    Int:  7    God:    Trog [*****.]
Gold:   1848       SH: 11    Dex: 17    Spells: 10/10 levels left

rFire    . . .     SeeInvis .   j - +0 morningstar
rCold    . . .     Gourm    .   m - +1 kite shield
rNeg     . . .     Faith    .   (armour unavailable)
rPois    +         Spirit   .   (helmet restricted)
rElec    .         Reflect  .   (no cloak)
rCorr    .         Harm     .   o - +0 pair of gloves
MR       .....                  r - +1 pair of boots
Stlth    +++.......             (no amulet)
HPRegen  0.27/turn              k - +4 ring of evasion
MPRegen  0.12/turn              x - +6 ring of dexterity

@: no status effects
A: breathe noxious fumes, unfitting armour, poison resistance, cold-blooded, AC
+7
a: Breathe Noxious Fumes, Berserk, Trog's Hand, Brothers in Arms, Renounce
Religion


You were on level 10 of the Dungeon.
You worshipped Trog.
Trog was extremely pleased with you.
You were hungry.

You visited 1 branch of the dungeon, and saw 10 of its levels.

You collected 1848 gold pieces.

Inventory:

Hand Weapons
 j - a +0 morningstar (weapon)
Missiles
 n - a throwing net
 w - 8 boomerangs (quivered)
 y - 4 javelins
Armour
 m - a +1 kite shield (worn)
 o - a +0 pair of gloves (worn)
 r - a +1 pair of boots (worn)
Jewellery
 k - a +4 ring of evasion (left hand)
 q - an uncursed ring of resist corrosion
 x - a +6 ring of dexterity (right hand)
 D - an uncursed ring of ice
Wands
 i - a wand of iceblast (9)
 l - a wand of paralysis (21)
 s - a wand of digging (6)
 t - a wand of clouds (5)
Scrolls
 c - 8 scrolls of remove curse
 u - 2 scrolls of teleportation
 z - a scroll of blinking {unknown}
 A - 5 scrolls of identify
 C - a scroll of magic mapping
Potions
 d - 2 potions of curing
 e - 4 potions of mutation
 f - 3 potions of flight
 h - a potion of haste
 p - 3 potions of ambrosia
 v - 2 potions of invisibility
Comestibles
 b - 17 rations


   Skills:
 + Level 12.4 Fighting
 + Level 13.0 Maces & Flails
 + Level 3.9 Dodging
 - Level 3.6 Stealth
 + Level 4.4 Shields
 - Level 0.3 Evocations


You had 10 spell levels left.
You didn't know any spells.
Your spell library was empty.

Dungeon Overview and Level Annotations

Branches:
Dungeon (10/15)            Temple (0/1) D:7
   Lair: D:8-11         Orc: D:9-12

Altars:
Dithmenos


Innate Abilities, Weirdness & Mutations

You can breathe blasts of noxious fumes.
Your lurid green scales are hard. (AC +7)
You cannot fit into any form of body armour.
Your system is resistant to poisons. (rPois)
You are cold-blooded and may be slowed by cold attacks.


Message History

The freezing wraith hits you!
* * * LOW HITPOINT WARNING * * *
The freezing wraith freezes you!
* * * LOW HITPOINT WARNING * * *
You block the freezing wraith's attack.
Okay, then.
Okay, then.
You feel better.
Your ogre barely misses the freezing wraith.
You block the freezing wraith's attack.
The freezing wraith completely misses you.
Your ogre barely misses the freezing wraith.
You closely miss the freezing wraith.
The freezing wraith is heavily damaged.
You block the freezing wraith's attack. The freezing wraith barely misses you.
Your ogre completely misses the freezing wraith.
The freezing wraith hits you.
* * * LOW HITPOINT WARNING * * *
The freezing wraith freezes you!!
You die...

#.# #....# #....
###############.# #.##.#####(.#
.............##.# ##.##....|.(.#
.####..#####.##.####.#.#######.##
.####..#####.##.....###.!....#.#
..............######.#.#####.#.#
.####..#......# ##..##......#
.####.........########.##.##.####
......##.#....OW@...[........[...
########.#.#.###'#####'#####'####
########.#...##...###.#.##.....##
##...........#.##..#.#.#.#.....#(
##......##.#.'...##'#.#.#'.#.#('[
##......##.#.#.##..#.#.#.##.#.##.
##.........#.##...###.#.##.#.#:#.
##......####.###'#####'#####'####
##......# #.#.....#.....#..#..##


You could see a freezing wraith and a friendly ogre (summoned, berserk).

Vanquished Creatures
  A centaur warrior (D:10)
  A two-headed ogre (D:10)
  A death knight (D:10)
  A wizard (D:10)
  A deep elf mage (D:10)
  A cyclops (D:10)
  2 manticores (D:10)
  A troll (D:9)
  2 hippogriffs (D:10)
  4 yaks (D:9)
  A shadow (D:10)
  A hungry ghost (D:8)
  A steam dragon (D:7)
  Edmund (D:4)
  2 soldier ants (D:10)
  3 orc warriors
  3 sky beasts
  An ice beast (D:10)
  An eye of draining (D:9)
  3 black bears
  A phantom (D:7)
  7 ogres
  3 centaurs
  A gnoll sergeant (D:3)
  A bullfrog (D:10)
  2 scorpions
  8 killer bees
  13 wights
  3 crimson imps
  3 bullfrog zombies
  A quasit (D:10)
  5 jellies
  3 centaur zombies
  5 hounds
  5 orc priests
  2 centaur skeletons
  2 bullfrog skeletons
  10 orc wizards
  Jessica (D:3)
  6 worker ants
  Ijyb (D:3)
  6 iguanas
  A hound zombie (D:8)
  3 hound skeletons
  A worker ant zombie (D:10)
  47 gnolls
  13 adders
  5 shadow imps
  An adder zombie (D:5)
  5 oozes (D:8)
  4 worms
  4 dart slugs
  5 leopard geckos
  16 orcs
  6 giant cockroaches
  3 goblins
  8 hobgoblins
  25 jackals
  8 quokkas
  2 ball pythons
  A ball python zombie (D:3)
  10 bats
  2 frilled lizards
  7 kobolds
  A leopard gecko skeleton (D:5)
  2 quokka skeletons
  A quokka zombie (D:5)
  7 rats
309 creatures vanquished.

Vanquished Creatures (collateral kills)
  An ice beast (D:7)
  A crimson imp (D:10)
2 creatures vanquished.

Vanquished Creatures (others)
  2 orcs
2 creatures vanquished.

Grand Total: 313 creatures vanquished

Notes
Turn   | Place    | Note
-------+----------+-------------------------------------------
     0 | D:1      | Faca the Draconian Berserker began the quest for the Orb.
     0 | D:1      | Reached XP level 1. HP: 19/19 MP: 1/1
   279 | D:1      | Reached XP level 2. HP: 26/26 MP: 2/2
   911 | D:2      | Reached XP level 3. HP: 30/33 MP: 3/3
   915 | D:2      | Reached ** piety under Trog
   930 | D:2      | Reached skill level 4 in Maces & Flails
   930 | D:2      | Reached XP level 4. HP: 11/40 MP: 4/4
  1463 | D:2      | Found a shadowy altar of Dithmenos.
  2162 | D:3      | Noticed Ijyb
  2166 | D:3      | Paralysed by Ijyb for 6 turns
  2175 | D:3      | Paralysed by Ijyb for 5 turns
  2198 | D:3      | Killed Ijyb
  2198 | D:3      | Reached skill level 1 in Stealth
  2198 | D:3      | Reached XP level 5. HP: 36/47 MP: 5/5
  2451 | D:3      | Noticed Jessica
  2471 | D:3      | Killed Jessica
  2471 | D:3      | Reached skill level 5 in Maces & Flails
  2778 | D:3      | Noticed a sky beast
  3213 | D:4      | Noticed an ogre
  3455 | D:3      | Killed an ogre
  3455 | D:3      | Reached XP level 6. HP: 46/55 MP: 6/6
  3604 | D:4      | Reached *** piety under Trog
  3604 | D:4      | Reached skill level 5 in Fighting
  3665 | D:4      | Noticed Edmund
  3682 | D:4      | Killed Edmund
  3682 | D:4      | Reached skill level 6 in Maces & Flails
  3890 | D:4      | Your scales start taking on a lurid green colour.
  3890 | D:4      | Reached XP level 7. HP: 50/61 MP: 7/7
  3890 | D:4      | Gained mutation: Your system is resistant to poisons.
                  | (rPois) [Green Draconian growth]
  4606 | D:3      | Reached skill level 7 in Maces & Flails
  5129 | D:4      | Reached **** piety under Trog
  5746 | D:4      | Reached XP level 8. HP: 70/70 MP: 8/8
  5906 | D:4      | Reached skill level 1 in Shields
  5928 | D:4      | Reached skill level 8 in Maces & Flails
  6174 | D:5      | Entered Level 5 of the Dungeon
  7073 | D:5      | Reached skill level 9 in Maces & Flails
  8248 | D:6      | Reached XP level 9. HP: 79/79 MP: 9/9
  8604 | D:7      | Found a staircase to the Ecumenical Temple.
  9230 | D:7      | Reached ***** piety under Trog
  9783 | D:8      | Reached skill level 10 in Maces & Flails
 11082 | D:9      | Reached XP level 10. HP: 86/91 MP: 10/10
 11114 | D:9      | Reached skill level 11 in Maces & Flails
 11739 | D:9      | Reached skill level 10 in Fighting
 12186 | D:10     | Entered Level 10 of the Dungeon
 12560 | D:10     | Noticed a wizard
 12561 | D:10     | Noticed a deep elf mage
 12563 | D:10     | Killed a wizard
 12563 | D:10     | Reached skill level 12 in Maces & Flails
 12564 | D:10     | Noticed a centaur warrior
 12564 | D:10     | Noticed a death knight
 12565 | D:10     | Noticed a cyclops
 12605 | D:10     | Killed a deep elf mage
 12779 | D:10     | Noticed a two-headed ogre
 12790 | D:10     | Killed a two-headed ogre
 13208 | D:10     | Reached XP level 11. HP: 57/104 MP: 11/11
 13238 | D:10     | HP: 5/104 [troll (7)]
 13239 | D:10     | HP: 2/104 [troll (1)]
 14737 | D:10     | Killed a centaur warrior
 14773 | D:10     | Killed a death knight
 14773 | D:10     | Reached skill level 13 in Maces & Flails
 15060 | D:10     | HP: 5/105 [freezing wraith (11)]
 15062 | D:10     | Slain by a freezing wraith

Illustrated notes

Levels and vault maps discovered:
D:1:      mrwooster_arrival_arrow, layout_loops_ring, serial_bayou_pond_a,
          ebering_dispersal_statue_hall
D:2:      layout_loops_ring, marbit_many_paths
D:3:      layout_loops_ring, kennysheep_boxes, uniq_ijyb, uniq_jessica
D:4:      lemuel_castle_with_subvaults [lemuel_castle_interior_original],
          layout_rooms, serial_curves, eino_curves_02, eino_curves_02,
          eino_curves_03, uniq_edmund
D:5:      layout_loops_corners, first_ration
D:6:      layout_loops_cross
D:7:      layout_basic, minmay_temple_entry_grid
D:8:      layout_rooms, hangedman_little_slice_of_home
D:9:      layout_stronghold, nicolae_water_bricks
D:10:     minmay_the_grid_square_5x5_4x4 [minmay_the_grid_square_5x5_v,
          minmay_the_grid_square_5x5_dogpile,
          minmay_the_grid_square_5x5_minimal,
          minmay_the_grid_square_5x5_minivault,
          minmay_the_grid_square_5x5_checkered,
          minmay_the_grid_square_5x5_prize_open,
          minmay_the_grid_square_5x5_prize_gold,
          minmay_the_grid_square_5x5_six_small,
          minmay_the_grid_square_5x5_half_checkered,
          minmay_the_grid_square_5x5_prize_rear_guard,
          minmay_the_grid_square_5x5_prize_snowflake,
          minmay_the_grid_square_5x5_spiral,
          minmay_the_grid_square_5x5_beaten_path,
          minmay_the_grid_square_5x5_doubleslash,
          minmay_the_grid_square_5x5_slash, minmay_the_grid_square_5x5_z],
          layout_loops_cross, grunt_ministairs_11

Skill      XL: |  1  2  3  4  5  6  7  8  9 10 11 |
---------------+----------------------------------+-----
Fighting       | 4 5 6 7 9 11 12 | 12.4
Maces & Flails | 4 5 6 7 9 10 12 13 | 13.0
Stealth        | 1 2 3 |  3.6
Shields        | 3 4 |  4.4
Dodging        | 3 |  3.9
Evocations     | |  0.3

Action                   |  1- 3 |  4- 6 |  7- 9 | 10-12 || total
-------------------------+-------+-------+-------+-------++-------
Melee: Mace              |    92 |   163 |       |       ||   255
       Tailslap          |     9 |    20 |    95 |    79 ||   203
       Morningstar       |       |    34 |   601 |   304 ||   939
Invok: Berserk           |       |     1 |     2 |     2 ||     5
       Trog's Hand       |       |       |     1 |       ||     1
       Brothers in Arms  |       |       |     1 |     3 ||     4
 Abil: Breathe Noxious F |       |       |     4 |       ||     4
Evoke: Wand              |       |       |     1 |       ||     1
  Use: Scroll            |     1 |     7 |     7 |     3 ||    18
       Potion            |       |       |     2 |     3 ||     5
 Stab: Sleeping          |     1 |     4 |     3 |    10 ||    18
       Confused          |       |       |     3 |       ||     3
  Eat: Chunk             |       |    11 |    21 |    15 ||    47
       Ration            |       |       |     2 |       ||     2
Armor: Skin              |    60 |    43 |   135 |    68 ||   306
Dodge: Dodged            |    76 |   153 |   458 |   163 ||   850
Block: Kite shield       |       |       |   249 |   173 ||   422

Table legend:
 A = Non-vault XP
 B = Vault XP
 C = Vault XP percentage of total XP
 D = Non-vault monster count
 E = Vault monster count
 F = Vault count percentage of total count
                 A         B        C        D         E       F
            +---------+---------+-------+---------+---------+-------
      Total |    7702 |    8972 |  53.8 |     207 |     104 |  33.4
            +---------+---------+-------+---------+---------+-------
        D:1 |      33 |       0 |   0.0 |      20 |       0 |   0.0
        D:2 |     125 |       1 |   0.8 |      28 |       1 |   3.4
        D:3 |     183 |     306 |  62.6 |      17 |      14 |  45.2
        D:4 |     312 |     690 |  68.9 |      15 |      50 |  76.9
        D:5 |     775 |       0 |   0.0 |      27 |       0 |   0.0
        D:6 |     358 |      15 |   4.0 |      13 |       1 |   7.1
        D:7 |     909 |       0 |   0.0 |      16 |       0 |   0.0
        D:8 |    1065 |     162 |  13.2 |      19 |       8 |  29.6
        D:9 |    2096 |     441 |  17.4 |      26 |       2 |   7.1
       D:10 |    1846 |    7357 |  79.9 |      26 |      28 |  51.9
            +---------+---------+-------+---------+---------+-------
